 Dungeon Crawl Stone Soup version 0.26.1-11-gd32895ea62 (webtiles) character file.

Game seed: 743674639885789362

2254 Kukuleta the Magician (level 9, 0/62 HPs)
             Began as a Black Draconian Fire Elementalist on July 9, 2021.
             Was a Believer of Sif Muna.
             Shot with an arrow by a centaur (19 damage)
             ... on level 8 of the Dungeon.
             The game lasted 00:36:42 (11106 turns).

Kukuleta the Magician (DrFE)                       Turns: 11106, Time: 00:36:44

Health: 0/62       AC:  8    Str: 10    XL:     9   Next: 15%
Magic:  6/20       EV: 12    Int: 19    God:    Sif Muna [**....]
Gold:   443        SH:  0    Dex: 12    Spells: 9/22 levels left

rFire    + . .     SeeInvis .   o - +0 spear
rCold    . . .     Faith    .   (no shield)
rNeg     . . .     Spirit   .   (armour unavailable)
rPois    .         Reflect  .   (helmet restricted)
rElec    +         Harm     .   (no cloak)
rCorr    .         Rampage  .   (no gloves)
Will     .....                  s - +0 pair of boots
Stlth    ++........             (no amulet)
HPRegen  0.20/turn              e - ring of protection from fire
MPRegen  0.17/turn              (no ring)

@: very slightly contaminated
A: breathe lightning, unfitting armour, electricity resistance, cold-blooded, AC
+7
a: Breathe Lightning, Renounce Religion, Channel Magic


You were on level 8 of the Dungeon.
You worshipped Sif Muna.
Sif Muna was pleased with you.
You visited 1 branch of the dungeon, and saw 8 of its levels.

You collected 443 gold pieces.

Inventory:

Hand Weapons
 b - a +0 dagger
 i - a -3 spear
 l - a cursed +0 whip
 o - a +0 spear (weapon)
Armour
 s - a +0 pair of boots (worn)
Jewellery
 e - a ring of protection from fire (left hand)
 t - an uncursed ring of ice
 v - a +4 ring of protection {unknown}
Scrolls
 a - 8 scrolls of identify
 d - 2 scrolls of magic mapping
 f - 4 scrolls of teleportation
 g - a scroll of enchant weapon
 q - 3 scrolls of fear {unknown}
 u - 4 scrolls of summoning {unknown}
 w - a scroll of amnesia {unknown}
 x - a scroll of vulnerability {unknown}
 y - a scroll of blinking {unknown}
 A - a scroll of remove curse
Potions
 c - 2 potions of attraction
 h - 2 potions of heal wounds {unknown}
 j - 2 potions of curing
 k - 2 potions of mutation {unknown}
 m - 3 potions of flight {unknown}
 n - 5 potions of degeneration {unknown}
 p - a potion of might {unknown}
 r - a potion of brilliance {unknown}
 z - 2 potions of haste {unknown}


   Skills:
 + Level 4.7 Polearms
 - Level 2.0 Dodging
 - Level 1.7 Stealth
 * Level 7.4 Spellcasting
 + Level 5.4 Conjurations
 + Level 6.4 Fire Magic


You had 9 spell levels left.
You knew the following spells:

 Your Spells              Type           Power        Failure   Level
a - Foxfire               Conj/Fire      100%         1%          1
b - Conjure Flame         Conj/Fire      29%          2%          3
c - Sticky Flame          Conj/Fire      29%          9%          4
d - Fireball              Conj/Fire      14%          24%         5

Your spell library contained the following spells:

 Spells                   Type           Power        Failure   Level
 Magic Dart               Conj           100%         1%          1
 Searing Ray              Conj           54%          1%          2
 Inner Flame              Hex/Fire       19%          8%          3
 Dazzling Flash           Conj/Hex       34%          10%         3
 Fulminant Prism          Conj/Hex       8%           30%         4
 Iskenderun's Mystic Bla  Conj/Tloc      17%          30%         4


Dungeon Overview and Level Annotations

Branches:
Dungeon (8/15)             Temple (0/1) D:5
   Lair: D:8-11

Altars:
Ashenzari
Elyvilon
Gozag
Kikubaaqudgha
Makhleb
Nemelex Xobeh
Qazlal
Sif Muna
Uskayaw
Yredelemnul
The Shining One


Innate Abilities, Weirdness & Mutations

You can breathe wild blasts of lightning.
Your glossy black scales are hard. (AC +7)
You cannot fit into any form of body armour.
You are resistant to electric shocks. (rElec)
You are cold-blooded and may be slowed by cold attacks.


Message History

You miscast Sticky Flame.
You are very lightly contaminated with residual magic.
Strange energies run through your body. The two-headed ogre barely misses you.
The two-headed ogre hits you with a +0 giant club!
Casting: Sticky Flame (dangerous; 9% risk of failure)
Confirm with . or Enter, or press ? or * to list all spells.
Aiming: Sticky Flame (dangerous; 9% risk of failure)
Press: ? - help, Shift-Dir - straight line, f/p - two-headed ogre
Aim: a two-headed ogre, wielding a +0 dire flail and a +0 giant club (severely wounded, 0% to evade)
The sticky flame hits the two-headed ogre!
The two-headed ogre is almost dead.
The two-headed ogre is covered in liquid flames!
The two-headed ogre burns!
The two-headed ogre hits you with a +0 dire flail!
The two-headed ogre hits you with a +0 giant club!
The two-headed ogre burns!
You kill the two-headed ogre!
Sif Muna accepts your kill.
The centaur shoots an arrow.
The arrow hits you!!
You die...

.....##.#
#..##.##
.....)#.#
#..#..#
.._.....#
#######..#.##
(.....###
...........#
รท....##
######.####
#...## #.#
##.## ####.#
..... #....#
.......
#@##.#
(.....>#
#(##.#
......##
##)##.#
#######
#Oc##.#
#(###.. #(#
##. #.# . ...
...)#


You could see an ogre and a centaur.

Vanquished Creatures
  A two-headed ogre (D:8)
  An orc warrior (D:7)
  A sky beast (D:8)
  A phantom (D:4)
  An eye of draining (D:8)
  2 ice beasts
  3 ogres
  2 centaurs
  4 bullfrogs
  4 scorpions
  3 wights (D:8)
  A howler monkey (D:8)
  A jelly (D:8)
  2 hounds
  An orc priest (D:7)
  3 orc wizards
  Crazy Yiuf (D:5)
  4 worker ants
  Natasha (twice) (D:2)
  A hound skeleton (D:7)
  Robin (D:2)
  3 gnolls
  7 adders
  A shadow imp (D:4)
  2 white imps
  3 ufetubi
  An ooze (D:4)
  An adder skeleton (D:7)
  5 worms
  4 dart slugs
  3 leopard geckos
  11 orcs
  6 giant cockroaches
  15 goblins
  11 hobgoblins
  14 jackals
  3 quokkas
  2 ball pythons
  A ball python zombie (D:6)
  5 bats
  3 frilled lizards
  2 jackal skeletons
  11 kobolds
  7 rats
161 creatures vanquished.

Vanquished Creatures (others)
  454 foxfires
  3 plants (D:4)
457 creatures vanquished.

Grand Total: 618 creatures vanquished

Notes
Turn   | Place    | Note
-------+----------+-------------------------------------------
     0 | D:1      | Kukuleta the Draconian Fire Elementalist began the quest
                  | for the Orb.
     0 | D:1      | Reached XP level 1. HP: 14/14 MP: 3/3
   166 | D:1      | Reached XP level 2. HP: 15/20 MP: 3/5
  1187 | D:1      | Reached XP level 3. HP: 22/26 MP: 2/6
  1557 | D:2      | Noticed Robin
  2506 | D:1      | Reached skill level 3 in Spellcasting
  2723 | D:2      | Reached XP level 4. HP: 33/33 MP: 8/8
  2790 | D:2      | Found a stormy altar of Qazlal.
  2795 | D:2      | Found a sparkling altar of Nemelex Xobeh.
  2800 | D:2      | Found a shimmering blue altar of Sif Muna.
  2808 | D:2      | Became a worshipper of Sif Muna the Loreminder
  2831 | D:2      | Killed Robin
  3134 | D:2      | Found a basalt altar of Yredelemnul.
  3135 | D:2      | Noticed Natasha
  3148 | D:2      | Killed Natasha
  3188 | D:2      | Noticed Natasha
  3195 | D:2      | Killed Natasha
  3196 | D:2      | Reached XP level 5. HP: 21/38 MP: 5/10
  3384 | D:2      | Found a burning altar of Makhleb.
  4062 | D:3      | Learned a level 3 spell: Conjure Flame
  4203 | D:3      | Reached * piety under Sif Muna
  4226 | D:3      | Noticed a +0 hand axe
  4226 | D:3      | Noticed a +0 hand axe
  4249 | D:3      | Found a hide-covered altar of Uskayaw.
  5079 | D:4      | Noticed an ogre
  5105 | D:4      | Killed an ogre
  5106 | D:4      | Reached skill level 1 in Polearms
  5106 | D:4      | Reached skill level 4 in Spellcasting
  5106 | D:4      | Reached XP level 6. HP: 39/45 MP: 7/12
  5640 | D:4      | Found a white marble altar of Elyvilon.
  5827 | D:4      | Your scales start taking on a glossy black colour.
  5827 | D:4      | Reached XP level 7. HP: 37/50 MP: 11/14
  5827 | D:4      | Gained mutation: You are resistant to electric shocks.
                  | (rElec) [Black Draconian growth]
  6279 | D:5      | Entered Level 5 of the Dungeon
  6291 | D:5      | Reached skill level 5 in Spellcasting
  6442 | D:4      | Reached skill level 5 in Fire Magic
  6671 | D:5      | Learned a level 4 spell: Sticky Flame
  6748 | D:5      | Found an opulent altar of Gozag.
  6828 | D:5      | Found a glowing golden altar of the Shining One.
  6894 | D:5      | Found a staircase to the Ecumenical Temple.
  6951 | D:5      | Found a broken altar of Ashenzari.
  7077 | D:5      | Found a runed translucent door.
  7078 | D:5      | Noticed Crazy Yiuf
  7394 | D:5      | Killed Crazy Yiuf
  7727 | D:6      | Reached XP level 8. HP: 30/57 MP: 11/16
  8009 | D:6      | Reached ** piety under Sif Muna
  8192 | D:6      | Reached skill level 6 in Spellcasting
 10104 | D:7      | Reached skill level 5 in Conjurations
 10368 | D:8      | Found an ancient bone altar of Kikubaaqudgha.
 10397 | D:8      | Reached skill level 7 in Spellcasting
 10675 | D:8      | Reached XP level 9. HP: 31/60 MP: 11/19
 11001 | D:8      | Learned a level 5 spell: Fireball
 11073 | D:8      | Noticed a two-headed ogre
 11106 | D:8      | Killed a two-headed ogre
 11106 | D:8      | Shot with an arrow by a centaur

Illustrated notes

Levels and vault maps discovered:
D:1:      matt_arrival_spirals, layout_basic, minmay_parallelograms
D:2:      layout_basic, old_standard_altar, nicolae_overflow_hidden_temple,
          old_standard_altar, grunt_temple_overflow_diamond, uniq_natasha,
          uniq_robin
D:3:      layout_basic, dancing_weapons_uskayaw
D:4:      layout_loops_ring, lemuel_doored_altar, serial_bayou_pond_b
D:5:      layout_cave_pools, lemuel_round_altar,
          nicolae_gozag_cash_rules_everything_around_me,
          minmay_temple_entry_from_below_a, chequers_jeans,
          nicolae_ashenzari_panopticon, uniq_crazy_yiuf_cottage
D:6:      layout_loops_ring
D:7:      layout_rooms
D:8:      layout_rooms, lemuel_round_altar

Skill      XL: |  1  2  3  4  5  6  7  8 |
---------------+-------------------------+-----
Dodging        | 2 |  2.0
Spellcasting   | 3 4 5 7 |  7.4
Conjurations   | 2 3 4 5 |  5.4
Fire Magic     | 4 5 6 |  6.4
Polearms       | 1 2 3 4 |  4.7
Stealth        | |  1.7

Action                   |  1- 3 |  4- 6 |  7- 9 || total
-------------------------+-------+-------+-------++-------
Melee: Dagger            |    72 |    52 |       ||   124
       Unarmed           |     6 |       |       ||     6
       Tailslap          |     3 |    14 |    14 ||    31
       Spear             |       |    60 |   166 ||   226
 Cast: Foxfire           |    43 |    82 |   159 ||   284
       Conjure Flame     |       |       |    10 ||    10
       Sticky Flame      |       |       |     1 ||     1
 Abil: Breathe Lightning |       |       |     1 ||     1
  Use: Scroll            |       |     9 |     1 ||    10
       Potion            |       |       |     2 ||     2
 Stab: Sleeping          |     1 |     3 |       ||     4
Armor: Skin              |    35 |    30 |    58 ||   123
Dodge: Dodged            |    73 |    82 |   116 ||   271
